AoeStats
← torpedo bob

Arena

505973067Analyzed
2v2 RM · 21d ago on Sep 11, 2026· 25m 53s· 4 players
Game mode
Random Map
Map size
Medium (4 player)
Population
200
Speed
Normal
Resources
Standard
Victory
Conquest
Starting age
Dark Age
Ending age
Imperial Age
RankedLock teamsTeams togetherTeam positionsShared explorationLock speedFull tech treeHidden civsTurbo modeCheats
Victory
Defeat
🇦🇺 Portuguese · Australia
525
+15
🇦🇺 Burgundians · Australia
379
+21
🇳🇱 Gurjaras · Netherlands
504
-18
🇳🇱 Japanese · Netherlands
488
-18
blarts9302
12:24 Feudal Age
17:32 Man-at-Arms
22:08 Castle Age
gaz1657
12:17 Feudal Age
12:41 Horse Collar
13:39 Double-Bit Axe
18:43 Gold Mining
18:44 Stone Mining
19:03 Man-at-Arms
22:04 Castle Age
24:20 Long Swordsman
24:47 Gambesons
Grubby
7:32 Loom
10:09 Feudal Age
10:47 Double-Bit Axe
12:25 Man-at-Arms
14:38 Arson
21:25 Stone Mining
27:09 Castle Age
26:25 Bloodlines
torpedo bob
13:24 Feudal Age
16:46 Gold Mining
17:38 Wheelbarrow
17:47 Wheelbarrow
17:52 Bloodlines
18:55 Double-Bit Axe
18:58 Horse Collar
22:20 Scale Barding Armor
23:35 Forging
Connection lost

Rejoining the realm…

Still unreachable

The connection could not be restored.

Session expired

The server has moved on; the page needs a fresh start.